 Dungeon Sprint DCSS version 0.27-a0-695-gb4952372f7 (webtiles) character file.

Game seed: 2567590113444008139

1805 mhtbhm the Blocker (level 8, 0/124 HPs)
             Began as a Minotaur Fighter on Mar 21, 2021.
             Was a High Priest of Trog.
             Slain by a freezing wraith (7 damage)
             ... in the Dungeon (Sprint VII: "The Pits").
             The game lasted 00:01:52 (1255 turns).

mhtbhm the Blocker (Minotaur Fighter)               Turns: 1255, Time: 00:01:53

Health: 0/124      AC: 15    Str: 23    XL:     8   Next: 84%
Magic:  7/7        EV:  9    Int:  5    God:    Trog [*****.]
Gold:   0          SH: 13    Dex: 10    Spells: 7/7 levels left

rFire    . . .     SeeInvis .   a - +1 hand axe (vorpal)
rCold    . . .     Faith    .   c - +0 kite shield
rNeg     . . .     Spirit   .   b - +3 chain mail
rPois    .         Reflect  .   (helmet restricted)
rElec    .         Harm     .   (no cloak)
rCorr    .         Rampage  .   (no gloves)
Will     .....     NoTele   +   (no boots)
Stlth    ..........             (no amulet)
HPRegen  0.30/turn              (no ring)
MPRegen  0.10/turn              (no ring)

@: berserking, slowed
A: horns 2, retaliatory headbutt
a: Renounce Religion, Berserk, Trog's Hand, Brothers in Arms


You were in the Dungeon.
You worshipped Trog.
Trog was extremely pleased with you.
You visited 1 branch

Inventory:

Hand Weapons
 a - a +1 vorpal hand axe (weapon)
Armour
 b - a +3 chain mail (worn)
 c - a +0 kite shield (worn)
Scrolls
 l - a scroll of summoning
Potions
 d - a potion of might
 e - 6 potions of curing
 f - 5 potions of heal wounds
 g - a potion of haste
 h - 4 potions of magic
 i - 3 potions of berserk rage
 k - 2 potions of invisibility


   Skills:
 + Level 11.8 Fighting
 + Level 10.7 Axes
 + Level 12.5 Armour
 + Level 3.3 Dodging
 + Level 0.8 Stealth
 + Level 12.6 Shields


You had 7 spell levels left.
You didn't know any spells.
Your spell library was empty.

Dungeon Overview and Level Annotations

Branches:
Dungeon (1/1)

Altars:
Cheibriados
Dithmenos
Elyvilon
Fedhas
Gozag
Hepliaklqana
Makhleb
Nemelex Xobeh
Okawaru
Qazlal
Ru
Sif Muna
Trog
Vehumet
Wu Jian
Xom
Yredelemnul
Zin
The Shining One
Beogh
Jiyva
Lugonu


Innate Abilities, Weirdness & Mutations

You have a pair of horns on your head.
You reflexively headbutt those who attack you in melee.


Message History

The freezing wraith hits you. The freezing wraith freezes you!
You block the freezing wraith's attack.
You barely miss the freezing wraith.
The freezing wraith is almost destroyed.
You block the freezing wraith's attack.
The freezing wraith hits you but does no damage.
The freezing wraith hits you. The freezing wraith freezes you!
The freezing wraith hits you but does no damage.
You hit the freezing wraith.
You headbutt the freezing wraith, but do no damage.
The freezing wraith is almost destroyed.
The freezing wraith hits you but does no damage.
The freezing wraith barely misses you.
You barely miss the freezing wraith.
The freezing wraith is almost destroyed.
The freezing wraith hits you but does no damage. x2
Unknown command.
You closely miss the freezing wraith.
Your headbutt misses the freezing wraith.
The freezing wraith is almost destroyed.
The freezing wraith completely misses you.
The freezing wraith barely misses you.
You hit the freezing wraith but do no damage.
You headbutt the freezing wraith.
The freezing wraith is almost destroyed.
The freezing wraith barely misses you. You block the freezing wraith's attack.
You closely miss the freezing wraith.
The freezing wraith is almost destroyed.
The freezing wraith hits you!
* * * LOW HITPOINT WARNING * * *
The freezing wraith freezes you!
* * * LOW HITPOINT WARNING * * *
The freezing wraith hits you.
* * * LOW HITPOINT WARNING * * *
The freezing wraith drains your vigour!
You feel as though you will be slow longer.
You block the freezing wraith's attack. The freezing wraith closely misses you.
A red film seems to cover your vision as you go berserk!
You feel yourself moving faster!
You feel mighty! The freezing wraith hits you!
You die...

#.##'#...).##...<...#
#.#........##.......#
#.#........##.......#
#'###########.......#
#..)....#[.##########
#))#.#..#)######
#.##.##.#)#....#
#.......#)#....#
#.##.##.#@W....+
#..#.#..#'#....#
#.......).#....#
################


You could see a freezing wraith.

Vanquished Creatures
  A hydra (D)
  A sea snake (D)
  2 floating eyes (D)
  2 wolves (D)
  2 centaurs (D)
  2 wights (D)
  A crimson imp (D)
  An orc priest (D)
  2 orc wizards (D)
  Ijyb (D)
  An adder (D)
  A white imp (D)
  An ufetubus (D)
  An ooze (D)
  A leopard gecko (D)
  3 orcs (D)
  3 jackals (D)
  A ball python (D)
  A kobold (D)
28 creatures vanquished.

Notes
Turn   | Place    | Note
-------+----------+-------------------------------------------
     0 | D        | mhtbhm the Minotaur Fighter began the quest for the Orb.
     0 | D        | Reached XP level 1. HP: 19/19 MP: 0/0
    19 | D        | Found a bloodstained altar of Trog.
    19 | D        | Found a shimmering blue altar of Sif Muna.
    19 | D        | Found a viscous altar of Jiyva.
    19 | D        | Found a hazy altar of Hepliaklqana.
    19 | D        | Found an opulent altar of Gozag.
    20 | D        | Found a glowing golden altar of the Shining One.
    20 | D        | Found a glowing silver altar of Zin.
    20 | D        | Found a basalt altar of Yredelemnul.
    20 | D        | Found a shimmering altar of Xom.
    20 | D        | Found an ornate altar of the Wu Jian Council.
    20 | D        | Found a sacrificial altar of Ru.
    20 | D        | Found a stormy altar of Qazlal.
    20 | D        | Found an iron altar of Okawaru.
    20 | D        | Found a sparkling altar of Nemelex Xobeh.
    20 | D        | Found a burning altar of Makhleb.
    20 | D        | Found a blossoming altar of Fedhas.
    20 | D        | Found a white marble altar of Elyvilon.
    20 | D        | Found a shadowy altar of Dithmenos.
    20 | D        | Found a snail-covered altar of Cheibriados.
    22 | D        | Found a radiant altar of Vehumet.
    22 | D        | Found a corrupted altar of Lugonu.
    24 | D        | Became a worshipper of Trog the Wrathful
    60 | D        | Noticed a floating eye
    63 | D        | Paralysed by a floating eye for 4 turns
    71 | D        | Killed a floating eye
    72 | D        | Reached XP level 2. HP: 34/34 MP: 1/1
    72 | D        | Reached XP level 3. HP: 39/39 MP: 2/2
    72 | D        | Reached XP level 4. HP: 47/47 MP: 3/3
   178 | D        | Noticed a floating eye
   180 | D        | Reached * piety under Trog
   180 | D        | Paralysed by a floating eye for 4 turns
   185 | D        | Killed a floating eye
   186 | D        | Reached XP level 5. HP: 53/56 MP: 4/4
   220 | D        | Reached ** piety under Trog
   344 | D        | Noticed a wolf
   345 | D        | Noticed a centaur
   349 | D        | Reached *** piety under Trog
   349 | D        | Noticed a wolf
   350 | D        | Reached XP level 6. HP: 63/63 MP: 5/5
   356 | D        | Reached **** piety under Trog
   357 | D        | Reached skill level 1 in Dodging
   357 | D        | Reached skill level 10 in Shields
   358 | D        | Reached skill level 10 in Fighting
   358 | D        | Reached XP level 7. HP: 72/72 MP: 6/6
   387 | D        | Reached ***** piety under Trog
   390 | D        | Noticed a five-headed hydra
   727 | D        | Killed a 14-headed hydra
   728 | D        | Reached XP level 8. HP: 32/81 MP: 7/7
   926 | D        | Noticed Ijyb
   941 | D        | Killed Ijyb
   942 | D        | Reached skill level 10 in Axes
  1225 | D        | Noticed a sea snake
  1225 | D        | Noticed a freezing wraith
  1240 | D        | Killed a sea snake
  1255 | D        | Slain by a freezing wraith

Illustrated notes

Levels and vault maps discovered:
D:        pitsprint [storerooms_1, entrance_room_1, metal_vault_8, armoury_2,
          mini_pit_1, grid_room_1, main_hall_1, silver_pit, the_coven_2,
          the_vestibule_1, steel_vault_1, golden_pit, hallway_of_sentries,
          crystal_vault_5, iron_vault_1, final_vault]

Skill      XL: |  1  2  3  4  5  6  7  8 |
---------------+-------------------------+-----
Fighting       | 7 8 9 10 11 | 11.8
Armour         | 6 8 9 11 12 | 12.5
Shields        | 6 8 10 11 12 | 12.6
Axes           | 4 6 7 8 9 10 | 10.7
Dodging        | 1 2 3 |  3.3
Stealth        | |  0.8

Action                   |  1- 3 |  4- 6 |  7- 9 || total
-------------------------+-------+-------+-------++-------
Melee: Hand axe          |     7 |    47 |    57 ||   111
       Headbutt          |     1 |     5 |    17 ||    23
       War axe           |     1 |       |       ||     1
Invok: Berserk           |       |     1 |     4 ||     5
       Brothers in Arms  |       |       |     1 ||     1
  Use: Scroll            |       |       |     1 ||     1
       Potion            |       |       |     1 ||     1
Armor: Scale mail        |       |     6 |       ||     6
       Chain mail        |       |     8 |    39 ||    47
Dodge: Dodged            |       |    14 |    29 ||    43
Block: Kite shield       |       |    32 |    45 ||    77

Table legend: (Time is in decaauts)
 A = Elapsed time spent in this place.
 B = Non-inter-level travel time spent in this place.
 C = Inter-level travel time spent in this place.
 D = Time resting spent in this place.
 E = Time spent auto-exploring this place.
 F = Levels seen in this place.
 G = Mean time per level.
                   A        B        C        D        E       F      G
               +--------+--------+--------+--------+--------+-----+--------+
         Total |   1294 |   1294 |      0 |    887 |     63 |   1 | 1294.0 |
       Dungeon |   1294 |   1294 |      0 |    887 |     63 |   1 | 1294.0 |
               +--------+--------+--------+--------+--------+-----+--------+

Top non-repeatable levels by time:
       D: 1294 daAuts
